 Dungeon Crawl Stone Soup version 0.20-a0-1114-g33edf32 (webtiles) character file.

84 JeffiDaFish the Firebug (level 4, -2/33 HPs)
             Began as a Draconian Fire Elementalist on May 6, 2017.
             Slain by an orc wizard
             ... wielding a +0 dagger
              (5 damage)
             ... on level 3 of the Dungeon.
             The game lasted 00:12:35 (1688 turns).

JeffiDaFish the Firebug (DrFE)                      Turns: 1688, Time: 00:12:36

Health: -2/33      AC:  5    Str: 10    XL:     4   Next: 23%
Magic:  0/7        EV: 12    Int: 16    God:
Gold:   144        SH:  0    Dex: 12    Spells: 4/7 levels left

rFire    . . .     SeeInvis .   d - +0 mace
rCold    . . .     Gourm    .   (no shield)
rNeg     . . .     Faith    .   (armour unavailable)
rPois    .         Spirit   .   (helmet restricted)
rElec    .         Reflect  .   (no cloak)
rCorr    .         Harm     .   (no gloves)
MR       .....                  (no boots)
Stlth    ++........             (no amulet)
Regen    0.2/turn               (no ring)
MPRegen  0.1/turn               (no ring)

@: hasted, very quick
A: unfitting armour, cold-blooded, AC +5
a: no special abilities


You were on level 3 of the Dungeon.
You were not hungry.

You visited 1 branch of the dungeon, and saw 3 of its levels.

You collected 144 gold pieces.

Inventory:

Hand Weapons
 d - a +0 mace (weapon)
Potions
 e - 2 potions of haste
Books
 a - a book of Flames

   Spells                             Type                      Level
   a - Flame Tongue                   Conjuration/Fire             1
   b - Throw Flame                    Conjuration/Fire             2
   c - Conjure Flame                  Conjuration/Fire             3
   d - Inner Flame                    Hexes/Fire                   3
   e - Sticky Flame                   Conjuration/Fire             4
   f - Fireball                       Conjuration/Fire             5
Comestibles
 b - a bread ration
 c - 2 meat rations
 f - 2 royal jellies
 g - a chunk of flesh
 h - 4 fruits


   Skills:
 + Level 0.2 Fighting
 + Level 1.1 Maces & Flails
 + Level 2.1 Dodging
 + Level 2.3 Stealth
 + Level 2.3 Spellcasting
 + Level 1.7 Conjurations
 + Level 3.8 Fire Magic


You had 4 spell levels left.
You knew the following spells:

 Your Spells              Type           Power        Failure   Level  Hunger
a - Flame Tongue          Conj/Fire      ##...        6%          1    #......
b - Throw Flame           Conj/Fire      ##....       10%         2    ###....


Dungeon Overview and Level Annotations

Branches:
Dungeon (3/15)

Altars:
Nemelex Xobeh


Innate Abilities, Weirdness & Mutations

Your plain brown scales are hard. (AC +5)
You cannot fit into any form of body armour.
You are cold-blooded and may be slowed by cold attacks.


Message History

A puff of flame appears from out of thin air!
The puff of flame misses you.
You hit something. You miss something.
You hear some strange, mumbled words.
A magic dart appears from out of thin air!
The magic dart hits you!
* * * LOW HITPOINT WARNING * * *
You barely miss something. Something hits you but does no damage.
You closely miss something. Something hits you but does no damage.
You miss something. Something hits you.
* * * LOW HITPOINT WARNING * * *
Casting: Flame Tongue
Confirm with . or Enter, or press ? or * to list all spells.
Aiming: Flame Tongue
Press: ? - help, Shift-Dir - straight line, f/p - orc
Aim: an orc, wielding an enchanted mace The flame tongue hits something.
Something hits you but does no damage.
You closely miss something. Something hits you.
You die...

############
#..........#
#........<.# #..
#..........#####.....
#.........o{@.†......
...........####......
#..........# #...#
####.....r.# ...
#..#.....# .
..........#
..........#
#...#......


You could see an orc.

Vanquished Creatures
  An orc wizard (D:3)
  An adder (D:2)
  An ooze (D:2)
  A dart slug (D:2)
  2 orcs (D:3)
  3 giant cockroaches
  6 goblins
  2 hobgoblins (D:1)
  5 kobolds
  A quokka (D:3)
  11 bats
  5 frilled lizards
  4 rats
43 creatures vanquished.

Notes
Turn   | Place    | Note
-------+----------+-------------------------------------------
     0 | D:1      | JeffiDaFish the Draconian Fire Elementalist began the quest for the Orb.
     0 | D:1      | Reached XP level 1. HP: 14/14 MP: 3/3
   230 | D:1      | Reached XP level 2. HP: 10/20 MP: 3/5
  1020 | D:2      | Reached XP level 3. HP: 26/26 MP: 3/6
  1109 | D:2      | Found a sparkling altar of Nemelex Xobeh.
  1127 | D:2      | Learned a level 2 spell: Throw Flame
  1677 | D:3      | Reached skill level 1 in Maces & Flails
  1677 | D:3      | Reached XP level 4. HP: 13/33 MP: 0/7
  1688 | D:3      | Slain by an orc wizard

Vault maps used:
D:1:      lightli_arrival_lavapool
D:2:      nemelex_xobeh_ov_fountains_minmay
D:3:      gup_sewer_entry_bowl, uniq_grinder, uniq_sigmund

Skill      XL: |  1  2  3 |
---------------+----------+-----
Stealth        | 2 |  2.3
Dodging        | 2 |  2.1
Maces & Flails | 1 |  1.1
Fighting       | |  0.2
Spellcasting   | |  2.3
Conjurations   | |  1.7
Fire Magic     | |  3.8

Action                   |  1- 3 |  4- 6 || total
-------------------------+-------+-------++-------
Melee: Unarmed           |     7 |       ||     7
       Dagger            |     5 |       ||     5
       Mace              |    52 |     9 ||    61
       Tailslap          |     3 |       ||     3
 Cast: Flame Tongue      |    43 |     2 ||    45
       Throw Flame       |     3 |       ||     3
  Use: Potion            |     4 |       ||     4
       Scroll            |     4 |       ||     4
 Stab: Sleeping          |     1 |       ||     1
  Eat: Chunk             |     3 |       ||     3
Armor: Skin              |    21 |     3 ||    24
Dodge: Dodged            |    51 |     1 ||    52
